 Dungeon Crawl Stone Soup version bcrawl-1.24 (webtiles) character file.

Game seed: 16644786864235721478

23 Freyura the Skirmisher (level 2, -2/19 HPs)
             Began as a Gargoyle Monk on June 13, 2020.
             Slain by a hobgoblin
             ... wielding a +0 club
              (4 damage)
             ... on level 2 of the Dungeon.
             The game lasted 00:01:55 (760 turns).

Freyura the Skirmisher (Gargoyle Monk)               Turns: 760, Time: 00:01:55

Health: -2/19      AC:  4    Str: 14    XL:     2   Next: 95%
Magic:  0/3        EV: 13    Int: 10    God:
Gold:   88         SH:  0    Dex: 12    Spells: 1/1 levels left

rFire    . . .     SeeInvis .   a - +0 mace
rCold    . . .     Gourm    .   (no shield)
rNeg     + . .     Faith    .   b - +0 robe
rPois    ∞         Spirit   +   c - +0 hat
rElec    +         Reflect  .   (no cloak)
rCorr    .         Harm     .   (no gloves)
MR       .....                  (no boots)
Stlth    ++........             d - amulet of guardian spirit
HPRegen  0.06/turn              (no ring)
MPRegen  0.08/turn              (no ring)

@: no status effects
A: negative energy resistance 1, electricity resistance, unbreathing,
petrification resistance, rot immunity, AC +2
a: no special abilities


You were on level 2 of the Dungeon.
You were not hungry.

You visited 1 branch of the dungeon, and saw 2 of its levels.

You collected 88 gold pieces.

Inventory:

Hand Weapons
 a - a +0 mace (weapon)
Armour
 b - a +0 robe (worn)
 c - a +0 hat (worn)
Jewellery
 d - an amulet of guardian spirit (around neck)
Scrolls
 f - a scroll of remove curse
 i - 3 scrolls of teleportation {unknown}
 k - a scroll of amnesia {unknown}
Potions
 g - a potion of degeneration {unknown}
 h - a potion of brilliance {unknown}
 j - a potion of agility {unknown}
Comestibles
 e - 5 rations {!d}


   Skills:
 + Level 3.6 Fighting
 + Level 3.2 Maces & Flails
 + Level 1.1 Armour
 + Level 2.6 Dodging
 - Level 2.4 Stealth
   Level 2.1 Invocations


You had one spell level left.
You didn't know any spells.
Your spell library was empty.

Dungeon Overview and Level Annotations

Branches:
Dungeon (2/12)

Altars:


Innate Abilities, Weirdness & Mutations

You are resistant to torment.
Your stone body is resilient. (AC +2)
You are immune to poison.
You resist negative energy. (rN+)
You are resistant to electric shocks. (rElec)
You can survive without breathing.
You are immune to petrification.
You are immune to rotting.


Message History

* * * LOW HITPOINT WARNING * * *
The goblin misses you. The jackal misses you.
A jackal comes into view.
The hobgoblin closely misses you.
The jackal bites you but does no damage.
You hit the jackal.
The jackal is severely wounded.
The jackal bites you but does no damage.
The kobold closely misses you. The hobgoblin hits you with a +0 club.
* * * LOW HITPOINT WARNING * * *
The goblin closely misses you. The jackal barely misses you.
The hobgoblin misses you.
The jackal bites you but does no damage.
The kobold hits you but does no damage.
You closely miss the jackal.
The jackal is severely wounded.
The jackal bites you. The jackal closely misses you.
The goblin hits you but does no damage. The hobgoblin barely misses you.
The hobgoblin hits you with a +0 club.
You die...

###... #......
..#.#.# .
.....### ###..
###.#...#......
#.......#...s#
#....<(.##.#.
#.gghh..%....
#.g@h####....
#.....K..# ...
#..#[....... .
... #..........
. ###.........
#.........
#.........
#.........


You could see 3 jackals, a giant cockroach (wandering), 2 hobgoblins, a goblin
and a kobold.

Vanquished Creatures
  2 giant cockroaches (D:1)
  3 goblins (D:1)
  3 hobgoblins
  A jackal (D:2)
  6 bats
  2 frilled lizards (D:1)
  2 rats (D:1)
19 creatures vanquished.

Notes
Turn   | Place    | Note
-------+----------+-------------------------------------------
     0 | D:1      | Freyura the Gargoyle Monk began the quest for the Orb.
     0 | D:1      | Reached XP level 1. HP: 14/14 MP: 2/2
   268 | D:1      | Reached XP level 2. HP: 12/19 MP: 1/3
   676 | D:1      | Reached skill level 1 in Armour
   760 | D:2      | Slain by a hobgoblin

Skill      XL: |  1  2 |
---------------+-------+-----
Armour         | 1 |  1.1
Fighting       | |  3.6
Maces & Flails | |  3.2
Dodging        | |  2.6
Stealth        | |  2.4
Invocations    | |  2.1

Action                   || total
-------------------------++-------
Melee: Mace              ||    80
 Stab: Sleeping          ||     1
Armor: Robe              ||    52
Dodge: Dodged            ||   101
